 Dungeon Crawl Stone Soup version 0.30-a0-330-g8f2769a82d (webtiles) character file.

Game seed: 16537043336341393636

287 Engwar the Insei (level 6, -2/38 HPs)
             Began as an Octopode Transmuter on Oct 29, 2022.
             Slain by a gnoll
             ... wielding a +0 spear
              (6 damage)
             ... on level 3 of the Dungeon.
             The game lasted 00:08:42 (2982 turns).

Engwar the Insei (Octopode Transmuter)              Turns: 2982, Time: 00:08:42

Health: -2/38      AC:  1    Str:  9    XL:     6   Next: 30%
Magic:  9/9        EV: 13    Int: 24    God:
Gold:   190        SH:  0    Dex: 12    Spells: 3/9 levels left

rFire   . . .      SeeInvis +    a - +8 whip of Gauhu {speed, Int+6}
rCold   . . .      Faith    .    (no shield)
rNeg    . . .      Spirit   .    (helmet restricted)
rPois   .          Reflect  .    (no amulet)
rElec   .          Harm     .    f - ring of see invisible
rCorr   .          Rampage  .    (no ring)
Will    .....                    (no ring)
Stlth   ++........               (no ring)
HPRegen 0.26/turn                (no ring)
MPRegen 0.11/turn                (no ring)
                                 (no ring)
                                 (no ring)

@: silenced
A: almost no armour, amphibious, 8 rings, camouflage 1, gelatinous body 1,
(nimble swimmer 1), tentacles
a: no special abilities


You were on level 3 of the Dungeon.
You visited 1 branch of the dungeon, and saw 4 of its levels.

You collected 190 gold pieces.

Inventory:

Hand Weapons
 a - the +8 whip of Gauhu (weapon) {speed, Int+6}
   (You found it on level 4 of the Dungeon)

   Attacks with this weapon are significantly faster.
   Int:       It affects your intelligence (+6).
Missiles
 b - 8 poisoned darts
Jewellery
 f - a ring of see invisible (left tentacle)
Scrolls
 g - a scroll of vulnerability
 k - a scroll of identify
Potions
 c - a potion of brilliance
 d - a potion of degeneration {unknown}
 e - 2 potions of haste
 h - a potion of berserk rage {unknown}
 j - a potion of lignification


   Skills:
 - Level 1.0 Fighting
 - Level 2.0 Dodging
 - Level 3.0 Stealth
 * Level 4.6 Unarmed Combat
 - Level 2.0 Spellcasting
 + Level 3.8 Transmutations
 - Level 3.2 Poison Magic


You had 3 spell levels left.
You knew the following spells:

 Your Spells              Type           Power      Damage    Failure   Level
a - Beastly Appendage     Tmut           42%        N/A       2%          1
b - Wereblood             Tmut           21%        N/A       3%          2
c - Spider Form           Tmut/Pois      19%        N/A       9%          3

Your spell library contained the following spells:

 Spells                   Type           Power      Damage    Failure   Level
 Ice Form                 Ice/Tmut       11%        N/A       47%         4


Dungeon Overview and Level Annotations

Branches:
Dungeon (4/15)
 Temple: D:4-7

Altars:
Makhleb

Annotations:
D:2 1 runed translucent door, Crazy Yiuf
D:3 4 exclusions
D:4 exclusion: ice beast


Innate Abilities, Weirdness & Mutations

You cannot wear most types of armour.
You are amphibious.
You can wear up to eight rings at the same time.
Your skin changes colour to match your surroundings (Stealth+).
Your rubbery body absorbs attacks. (AC +1, EV +1)
((You are camouflaged when in or above water. (Stealth+)))
You have tentacles for arms and can constrict up to eight enemies at once.


Message History

You cannot cast spells when silenced!
Unknown command.
Unknown command.
You hit the gnoll. You grab the gnoll. You tentacle-slap the gnoll.
You squeeze the gnoll.
The gnoll is almost dead.
You constrict the gnoll.
You kill the gnoll!
The gnoll closely misses you.
You see here a +0 whip.
A hobgoblin comes into view.
The gnoll hits you with a +0 flail! The gnoll closely misses you.
The hobgoblin barely misses you.
You whack the hobgoblin!
You kill the hobgoblin!
The gnoll closely misses you.
You see here a hobgoblin corpse.
You hit the gnoll. You grab the gnoll.
The gnoll is heavily wounded.
You constrict the gnoll, but do no damage.
The gnoll closely misses you. The gnoll misses you.
You hit the gnoll.
You kill the gnoll!
The gnoll hits you from afar with a +0 spear!
The gnoll misses you.
Things that are here:
a +0 flail; a gnoll corpse The gnoll hits you from afar with a +0 spear!
The gnoll hits you with a +0 halberd.
* * * LOW HITPOINT WARNING * * *
You hit the gnoll. You grab the gnoll.
The gnoll is moderately wounded.
You constrict the gnoll. The gnoll barely misses you.
The gnoll hits you with a +0 halberd.
* * * LOW HITPOINT WARNING * * *
You whack the gnoll!
You kill the gnoll!
The gnoll closely misses you. The gnoll hits you with a +0 spear.
You die...

#....# #
#.#..#
#......#
.#....
.... #..
#g###
#>@.#
###)#
#†#
#....#
#.####
.. ##


You could see a gnoll.

Vanquished Creatures
  A necrophage (D:4)
  A gnoll bouda (D:4)
  9 gnolls
  3 adders
  A worm (D:3)
  2 dart slugs
  2 orcs
  8 ball pythons
  3 bats
  10 endoplasms
  5 giant cockroaches
  6 goblins
  6 hobgoblins
  7 jackals
  3 quokkas
  A frilled lizard (D:2)
  2 kobolds
  6 rats
76 creatures vanquished.

Vanquished Creatures (others)
  A plant (D:3)
1 creature vanquished.

Grand Total: 77 creatures vanquished

Notes
Turn   | Place    | Note
-------+----------+-------------------------------------------
     0 | D:1      | Engwar the Octopode Transmuter began the quest for the Orb.
     0 | D:1      | Reached XP level 1. HP: 13/13 MP: 3/3
   160 | D:1      | Reached skill level 1 in Stealth
   167 | D:1      | Reached XP level 2. HP: 16/18 MP: 5/5
   170 | D:1      | Learned a level 2 spell: Wereblood
   501 | D:1      | Reached XP level 3. HP: 18/23 MP: 6/6
   505 | D:1      | Learned a level 3 spell: Spider Form
  1292 | D:2      | Reached XP level 4. HP: 25/28 MP: 7/7
  1336 | D:2      | Reached skill level 1 in Poison Magic
  1441 | D:2      | Found a runed translucent door.
  1442 | D:2      | Noticed Crazy Yiuf
  2422 | D:4      | Reached XP level 5. HP: 33/33 MP: 8/8
  2485 | D:4      | Found a burning altar of Makhleb.
  2495 | D:4      | Identified the +8 whip of Gauhu {speed, Int+6}
  2519 | D:4      | Reached skill level 4 in Unarmed Combat
  2850 | D:4      | Reached XP level 6. HP: 15/38 MP: 6/9
  2939 | D:4      | Noticed an ice beast
  2982 | D:3      | Slain by a gnoll

Illustrated notes

Levels and vault maps discovered:
D:1:      shiori_shiawase, layout_loops_ring, nicolae_figureground_sparkle
D:2:      layout_loops_ring, uniq_crazy_yiuf_cottage
D:3:      kb_forest_paths, layout_basic, kennysheep_donut, minmay_crystal_water,
          saegor_snake_ambush, uniq_grinder
D:4:      layout_gridville, bloody_makhleb, grunt_decor_one_mirror, minivault_23

Skill      XL: |  1  2  3  4  5 |
---------------+----------------+-----
Stealth        | 1 2 3 |  3.0
Poison Magic   | 1 3 |  3.2
Transmutations | 3 |  3.8
Unarmed Combat | 4 |  4.6
Fighting       | |  1.0
Dodging        | |  2.0
Spellcasting   | |  2.0

Action                   |  1- 3 |  4- 6 || total
-------------------------+-------+-------++-------
Melee: Unarmed           |    79 |    85 ||   164
       Constrict         |    25 |    21 ||    46
       Tentacles         |    22 |    16 ||    38
       Kick              |     8 |    12 ||    20
       Punch             |     4 |     1 ||     5
       Whip              |       |    11 ||    11
 Cast: Beastly Appendage |     5 |     4 ||     9
       Spider Form       |       |     4 ||     4
  Use: Scroll            |     1 |     9 ||    10
 Stab: Sleeping          |    11 |     4 ||    15
Armor: Skin              |       |     9 ||     9
Dodge: Dodged            |    40 |    65 ||   105

Table legend: (Time is in decaauts)
 A = Elapsed time spent in this place.
 B = Non-inter-level travel time spent in this place.
 C = Inter-level travel time spent in this place.
 D = Time resting spent in this place.
 E = Time spent auto-exploring this place.
 F = Levels seen in this place.
 G = Mean time per level.
                   A        B        C        D        E       F      G
               +--------+--------+--------+--------+--------+-----+--------+
         Total |   2966 |   2858 |    108 |    342 |   1837 |   4 |  741.5 |
       Dungeon |   2966 |   2858 |    108 |    342 |   1837 |   4 |  741.5 |
               +--------+--------+--------+--------+--------+-----+--------+

Top non-repeatable levels by time:
     D:2: 962 daAuts
     D:1: 766 daAuts
     D:3: 695 daAuts
     D:4: 542 daAuts
